 Dungeon Crawl Stone Soup version 0.31-a0-662-g684573625c (webtiles) character file.

Game seed: 9726874351924269045

181 sampeng1 the Changeling (level 5, -1/53 HPs)
             Began as an Ogre Shapeshifter on Sept 1, 2023.
             Was a Believer of Nemelex Xobeh.
             Slain by Pikel
             ... wielding a +1 whip of electrocution
              (12 damage)
             ... on level 4 of the Dungeon.
             The game lasted 00:08:42 (3099 turns).

sampeng1 the Changeling (Ogre Shapeshifter)         Turns: 3099, Time: 00:08:43

Health: -1/53      AC:  3    Str: 20    XL:     5   Next: 61%
Magic:  5/5        EV: 10    Int: 11    God:    Nemelex Xobeh [**....]
Gold:   217        SH:  0    Dex:  8    Spells: 4/4 levels left

rFire   . .          .
                       - Unarmed
rCold   . . .        (no shield)
rNeg    . . .        a - +0 animal skin
rPois   .            (helmet currently unavailable)
rElec   .            (cloak currently unavailable)
rCorr   .            (gloves unavailable)
SInv    .            (boots unavailable)
Will    .....        (no amulet)
Stlth   +            (no ring)
HPRegen 0.28/turn    (no ring)
MPRegen 0.09/turn

%: no passive effects
@: lethally poisoned (-1 -> -3), beast-form
A: beast (slay +2), large, unfitting armour, tough skin 1
a: Begin Untransformation, Renounce Religion, Draw Escape, Draw Destruction,
Draw Summoning


You were on level 4 of the Dungeon.
You worshipped Nemelex Xobeh.
Nemelex Xobeh was pleased with you.
You were a hulking beast.
You visited 1 branch of the dungeon, and saw 4 of its levels.

You collected 217 gold pieces.

Inventory:

Missiles
 e - 6 boomerangs (quivered)
Armour
 a - a +0 animal skin (worn)
 g - a +0 plate armour
 h - a +0 cloak
 j - a +1 cloak of stealth
Talismans
 c - a beast talisman (active)
 d - a flux talisman
Potions
 b - a potion of lignification
 f - a potion of heal wounds {unknown}
 i - 3 potions of curing


   Skills:
 + Level 3.5 Fighting
 + Level 2.9 Dodging
 + Level 3.6 Unarmed Combat
 + Level 3.8 Shapeshifting


You had 4 spell levels left.
You didn't know any spells.
Your spell library contained the following spells:

 Spells                   Type           Power      Damage    Failure   Level
 Summon Small Mammal      Summ           0%         N/A       34%         1
 Call Canine Familiar     Summ           0%         N/A       71%         3
 Summon Guardian Golem    Hex/Summ       0%         N/A       71%         3


Dungeon Overview and Level Annotations

Branches:
Dungeon (4/15)
 Temple: D:4-7

Altars:
Elyvilon
Nemelex Xobeh

Shops:
D:2 (

Annotations:
D:4 Pikel


Innate Abilities, Weirdness & Mutations

You are a hulking beast.
Your limbs bulge with bestial killing power. (Slay +2)
You are too large for most types of armour.
You have tough skin. (AC +1)


Message History

The adder is moderately wounded.
You feel sick. The adder bites you.
A lemure comes into view.
You barely miss the adder.
The adder is moderately wounded.
You feel sick. The adder bites you. The endoplasm freezes you.
You are frozen.
The kobold closely misses you.
You barely miss the adder.
The adder is moderately wounded.
You feel sick. The adder barely misses you.
Pikel hits you with a +1 whip of electrocution.
The kobold hits you with a +0 dagger. The endoplasm freezes you.
You are frozen.
You hit the adder.
The adder is almost dead.
You feel sick. The adder bites you.
You closely miss the adder.
The adder is almost dead.
You feel sick. The adder closely misses you. The kobold closely misses you.
The endoplasm hits you but does no damage.
Pikel hits you with a +1 whip of electrocution.
You barely miss the adder. Your punch misses the adder.
The adder is almost dead.
You feel sick. The adder bites you but does no damage.
The kobold hits you but does no damage. Pikel closely misses you.
The endoplasm freezes you.
You are frozen.
* * * LOW HITPOINT WARNING * * *
The adder closely misses you.
You hit the adder.
You kill the adder!
The kobold hits you with a +0 dagger.
* * * LOW HITPOINT WARNING * * *
The endoplasm hits you but does no damage.
Pikel hits you with a +1 whip of electrocution!
You die...
Pikel says, "Another soul for the market."
Your body disappears without a glow.

#..####.....#
#..#.....#+##.#.# ##
#..'.....+ ...# .#
#..#.....# ...# ..# #
#..#.....#####..# ).# .#
##'#.....#...##.##.##..#
...#.....#........#....#
...#.....#......5J5....#
...#.....#......hK55..#
..##.....##'###.K##...#
###...........#..# .#
#...........#....
#...........+.....
#...........#####+#
#.............
#.....##+###...
##......# ....


You could see Pikel, 4 lemures, an endoplasm and a kobold.

Vanquished Creatures
  Crazy Yiuf (D:2)
  4 adders
  A worm (D:3)
  2 dart slugs (D:2)
  6 endoplasms
  3 giant cockroaches
  12 goblins
  5 hobgoblins (D:4)
  7 jackals
  4 ball pythons
  2 bats (D:2)
  2 frilled lizards (D:1)
  6 kobolds
  2 rats
57 creatures vanquished.

Vanquished Creatures (collateral kills)
  Natasha (D:4)
  An orc wizard (D:4)
  4 orcs (D:4)
6 creatures vanquished.

Grand Total: 63 creatures vanquished

Notes
Turn   | Place    | Note
-------+----------+-------------------------------------------
     0 | D:1      | sampeng1 the Ogre Shapeshifter began the quest for the Orb.
     0 | D:1      | Reached XP level 1. HP: 19/19 MP: 1/1
   248 | D:1      | Reached XP level 2. HP: 28/28 MP: 2/2
   367 | D:1      | Found a faded altar of an unknown god.
   439 | D:1      | Prayed at the altar of an unknown god.
   439 | D:1      | Became a worshipper of Nemelex Xobeh the Trickster
   439 | D:1      | Reached * piety under Nemelex Xobeh
   439 | D:1      | Received a gift from Nemelex Xobeh
   737 | D:1      | Reached XP level 3. HP: 26/35 MP: 3/3
  1369 | D:2      | Reached ** piety under Nemelex Xobeh
  1648 | D:2      | Found Amahonix's Antique Weapon Boutique.
  1960 | D:2      | Found a runed translucent door.
  1961 | D:2      | Noticed Crazy Yiuf
  1971 | D:2      | Killed Crazy Yiuf
  1972 | D:2      | Reached XP level 4. HP: 5/44 MP: 4/4
  2417 | D:3      | You fall into a shaft and drop 1 floor!
  2417 | D:4      | Found a white marble altar of Elyvilon.
  2688 | D:4      | Reached XP level 5. HP: 34/53 MP: 5/5
  2842 | D:4      | Received a gift from Nemelex Xobeh
  2915 | D:4      | Noticed Natasha
  2920 | D:4      | Killed Natasha
  3088 | D:4      | Noticed a lemure
  3088 | D:4      | Noticed Pikel
  3090 | D:4      | Noticed a lemure
  3092 | D:4      | Noticed a lemure
  3093 | D:4      | Noticed a lemure
  3099 | D:4      | Slain by Pikel

Illustrated notes

Levels and vault maps discovered:
D:1:      dpeg_arrival_snail, layout_loops_ring, serial_co_window_serial,
          co_window_paths_a, co_window_corner_a, co_window_paths_a,
          co_window_paths_a, co_window_corner_a, co_window_paths_b,
          co_window_corner_ca, co_window_corner_cb, co_window_broadway_b,
          co_window_unsneaky_path_b, shapermc_ecumenical_altar_gd
D:2:      minmay_inner_zag, layout_loops_ring, serial_shops, shop,
          uniq_crazy_yiuf_cottage
D:3:      layout_rooms, gammafunk_ghost_necromancy, nrook_mini_vaults
D:4:      cheibrodos_greedy_goblins, layout_gridville,
          mainiacjoe_overflow_alcove_1, serial_forest,
          infiniplex_forest_straight_3, infiniplex_forest_lined_4_way,
          infiniplex_forest_lined_3, infiniplex_forest_clump_C,
          infiniplex_forest_join, gup_sewer_entry_bubbles, minmay_distorted,
          uniq_natasha, uniq_pikel, uniq_menkaure

Skill      XL: |  1  2  3  4 |
---------------+-------------+-----
Dodging        | 2 |  2.9
Fighting       | 2 3 |  3.5
Unarmed Combat | 3 |  3.6
Shapeshifting  | |  3.8

Action                     |  1- 3 |  4- 6 || total
---------------------------+-------+-------++-------
  Melee: Unarmed           |    90 |    64 ||   154
         Punch             |     3 |     1 ||     4
 Invoke: Draw Destruction  |     2 |       ||     2
         Draw Escape       |     1 |       ||     1
         Draw Summoning    |       |     1 ||     1
    Use: Scroll            |     2 |     2 ||     4
 Armour: Animal skin       |    52 |    73 ||   125
  Dodge: Dodged            |    32 |    49 ||    81

Table legend: (Time is in decaauts)
 A = Elapsed time spent in this place.
 B = Non-inter-level travel time spent in this place.
 C = Inter-level travel time spent in this place.
 D = Time resting spent in this place.
 E = Time spent auto-exploring this place.
 F = Levels seen in this place.
 G = Mean time per level.
                   A        B        C        D        E       F      G
               +--------+--------+--------+--------+--------+-----+--------+
         Total |   3090 |   2891 |    199 |      0 |   2277 |   4 |  772.5 |
       Dungeon |   3090 |   2891 |    199 |      0 |   2277 |   4 |  772.5 |
               +--------+--------+--------+--------+--------+-----+--------+

Top non-repeatable levels by time:
     D:2: 1174 daAuts
     D:1: 1125 daAuts
     D:4: 678 daAuts
     D:3: 112 daAuts
